 Dungeon Crawl Stone Soup version 0.30.0-19-g36f170ea60 (webtiles) character file.

Game seed: 14640596790885274722

1463 Hryak the Cleaver (level 8, 0/117 HPs)
             Began as an Ogre Berserker on May 28, 2023.
             Was a Priest of Trog.
             Slain by a killer bee (7 damage)
             ... on level 6 of the Dungeon.
             The game lasted 00:19:04 (5158 turns).

Hryak the Cleaver (Ogre Berserker)                  Turns: 5158, Time: 00:19:04

Health: 0/117      AC:  5    Str: 24    XL:     8   Next: 77%
Magic:  2/2        EV: 10    Int:  8    God:    Trog [***...]
Gold:   262        SH:  0    Dex:  8    Spells: 7/7 levels left

rFire   . . .        k - +4 hand axe (antimagic)
rCold   . . .        (no shield)
rNeg    . . .        n - +2 robe {Archmagi}
rPois   .            (helmet restricted)
rElec   .            x - scarf {repulsion}
rCorr   .            (gloves unavailable)
SInv    .            (boots unavailable)
Will    .....        (no amulet) Stlth
                     (no ring)
HPRegen 0.39/turn    (no ring)
MPRegen 0.08/turn

%: repel missiles, archmagi
@: berserking, lethally poisoned (0 -> -19), very quick
A: large, unfitting armour, tough skin 1
a: Renounce Religion, Berserk, Trog's Hand


You were on level 6 of the Dungeon.
You worshipped Trog.
Trog was most pleased with you.
You visited 1 branch of the dungeon, and saw 6 of its levels.

You collected 262 gold pieces.

Inventory:

Hand Weapons
 a - a +0 hand axe
 f - a +0 war axe
 k - a +4 antimagic hand axe (weapon)
 o - a +0 hand axe
 z - a +0 giant club
Armour
 n - a +2 robe of the Archmagi (worn)
 x - a scarf of repulsion (worn)
Jewellery
 g - a ring of resist corrosion
 i - a ring of flight
Wands
 B - a wand of roots (9)
Scrolls
 c - 5 scrolls of identify {unknown}
 p - 3 scrolls of vulnerability {unknown}
 r - 2 scrolls of poison {unknown}
 t - a scroll of torment {unknown}
 u - 3 scrolls of teleportation {unknown}
 v - a scroll of enchant weapon {unknown}
 y - a scroll of immolation {unknown}
 C - 3 scrolls of fear {unknown}
 D - a scroll of noise {unknown}
Potions
 b - a potion of haste {unknown}
 d - 2 potions of brilliance {unknown}
 e - 2 potions of might {unknown}
 h - a potion of degeneration {unknown}
 j - a potion of invisibility {unknown}
 l - 4 potions of curing {unknown}
 m - 2 potions of ambrosia {unknown}
 q - 5 potions of flight {unknown}
 s - 3 potions of attraction {unknown}
 w - 2 potions of cancellation {unknown}
 A - a potion of resistance {unknown}


   Skills:
 - Level 4.0 Fighting
 + Level 11.0 Axes
 - Level 2.6 Dodging
 - Level 0.2 Stealth


You had 7 spell levels left.
You didn't know any spells.
Your spell library was empty.

Dungeon Overview and Level Annotations

Branches:
Dungeon (6/15)             Temple (0/1) D:5

Altars:


Innate Abilities, Weirdness & Mutations

You are too large for most types of armour.
You have tough skin. (AC +1)


Message History

You slash the killer bee!
You kill the killer bee!
Trog accepts your kill.
You barely miss the killer bee. You miss the killer bee.
The killer bee stings you.
You are poisoned.
The killer bee poisons you!
Your Axes skill increases to level 11!
You slash the killer bee!
The killer bee is heavily wounded.
You miss the killer bee. You slash the killer bee!
You feel sick. The killer bee stings you. The killer bee misses you.
The killer bee stings you.
The killer bee stings you but does no damage.
The killer bee stings you. The killer bee stings you!
You completely miss the killer bee.
The killer bee is heavily wounded.
You closely miss the killer bee. You barely miss the killer bee.
You feel sick. The killer bee barely misses you. The killer bee stings you. x2
You are more poisoned.
The killer bee poisons you!
You hit the killer bee.
The killer bee is heavily wounded.
You miss the killer bee. You slash the killer bee!
You feel sick. The killer bee stings you. The killer bee closely misses you.
The killer bee stings you!
You are more poisoned.
The killer bee poisons you! The killer bee stings you.
* * * LOW HITPOINT WARNING * * *
You are lethally poisoned!
The killer bee poisons you! The killer bee stings you!
* * * LOW HITPOINT WARNING * * *
The killer bee stings you!
* * * LOW HITPOINT WARNING * * *
A red film seems to cover your vision as you go berserk!
You feel yourself moving faster!
You feel mighty!
* * * LOW HITPOINT WARNING * * *
You feel very sick. The killer bee barely misses you.
The killer bee stings you!
You die...

## ##################
..# .................#
...#
................y#....#
................@y....#
.......†........y#....#
..###..##..###...# ...#
..####'#######...###....
.............#.....# ...
.............#.....# ..
.............#.....# .
########....###...##
.....<.#....#######


You could see 3 killer bees.

Vanquished Creatures
  Grinder (D:3)
  Sigmund (D:3)
  An ogre (D:5)
  A centaur (D:5)
  A phantom (D:4)
  A scorpion (D:5)
  A killer bee (D:6)
  A howler monkey (D:5)
  3 jellies
  3 hounds
  Crazy Yiuf (D:2)
  5 orc priests
  Jessica (D:2)
  An iguana (D:5)
  2 orc wizards (D:5)
  Natasha (thrice) (D:3)
  4 adders
  A river rat (D:5)
  2 worms
  3 dart slugs
  22 orcs
  10 ball pythons
  5 bats
  7 endoplasms
  7 giant cockroaches
  7 goblins
  10 hobgoblins
  6 quokkas
  5 frilled lizards
  6 kobolds
  4 rats
126 creatures vanquished.

Notes
Turn   | Place    | Note
-------+----------+-------------------------------------------
     0 | D:1      | Hryak the Ogre Berserker began the quest for the Orb.
     0 | D:1      | Reached XP level 1. HP: 24/24 MP: 1/1
   146 | D:1      | Reached XP level 2. HP: 27/32 MP: 2/2
   415 | D:1      | Reached skill level 4 in Axes
   431 | D:1      | Reached XP level 3. HP: 33/39 MP: 3/3
   792 | D:2      | Identified the +7 short sword of Antic {chaos, Str+4 Int+3}
   831 | D:2      | Noticed Jessica
   844 | D:2      | Killed Jessica
   844 | D:2      | Reached ** piety under Trog
   845 | D:2      | Reached XP level 4. HP: 19/48 MP: 4/4
   947 | D:2      | Reached skill level 5 in Axes
  1078 | D:2      | Reached XP level 5. HP: 26/54 MP: 1/5
  1627 | D:2      | Found a runed translucent door.
  1628 | D:2      | Noticed Crazy Yiuf
  1976 | D:2      | Killed Crazy Yiuf
  1977 | D:2      | Reached skill level 6 in Axes
  2133 | D:3      | Noticed Sigmund
  2157 | D:3      | Killed Sigmund
  2158 | D:3      | Reached skill level 7 in Axes
  2158 | D:3      | Reached XP level 6. HP: 54/62 MP: 2/6
  2217 | D:3      | Noticed Natasha
  2221 | D:3      | Killed Natasha
  2278 | D:3      | Noticed Natasha
  2284 | D:3      | Killed Natasha
  2392 | D:3      | Noticed Grinder
  2407 | D:3      | Killed Grinder
  2408 | D:3      | Reached skill level 8 in Axes
  2408 | D:3      | Reached XP level 7. HP: 31/70 MP: 2/7
  2865 | D:3      | Noticed Natasha
  2876 | D:3      | Killed Natasha
  3304 | D:4      | Reached *** piety under Trog
  3585 | D:4      | Reached skill level 9 in Axes
  3794 | D:4      | Reached XP level 8. HP: 75/78 MP: 2/8
  3897 | D:5      | Entered Level 5 of the Dungeon
  4208 | D:5      | Found a staircase to the Ecumenical Temple.
  4225 | D:5      | Reached skill level 10 in Axes
  5155 | D:6      | Reached skill level 11 in Axes
  5158 | D:6      | Slain by a killer bee

Illustrated notes

Levels and vault maps discovered:
D:1:      evilmike_arrival_crescent, layout_rooms, nicolae_titane
D:2:      cheibrodos_pilgrimage, layout_basic, nicolae_underground_beach,
          uniq_jessica, uniq_crazy_yiuf_cottage
D:3:      layout_basic, minmay_cupped, uniq_grinder, uniq_sigmund, uniq_natasha
D:4:      layout_loops_corners
D:5:      layout_basic, minmay_temple_entry_stoned_glass,
          gup_sewer_entry_bubbles
D:6:      minmay_chambers_of_fours, layout_gridville,
          nicolae_elyvilon_peaceful_grove, vehumet_statue, guppyfry_shop_venom

Skill      XL: |  1  2  3  4  5  6  7  8 |
---------------+-------------------------+-----
Axes           | 4 5 7 8 9 11 | 11.0
Fighting       | |  4.0
Dodging        | |  2.6
Stealth        | |  0.2

Action                     |  1- 3 |  4- 6 |  7- 9 || total
---------------------------+-------+-------+-------++-------
  Melee: Hand axe          |    86 |    93 |   179 ||   358
         War axe           |    25 |    11 |       ||    36
         Punch             |       |       |     2 ||     2
 Invoke: Berserk           |       |     3 |     3 ||     6
 Armour: Animal skin       |    36 |     3 |       ||    39
         Robe              |       |    19 |    32 ||    51
  Dodge: Dodged            |    54 |    48 |    64 ||   166
         Repelled          |       |       |     1 ||     1
